 Dungeon Crawl Stone Soup version 0.31-a0-1183-gd88bbb8b4d (webtiles) character file.

Game seed: 16541656856198625214

417 qw the Shooter (level 6, 0/38 HPs)
             Began as a Gargoyle Hunter on Dec 11, 2023.
             Slain by a jackal (1 damage)
             ... on level 4 of the Dungeon.
             The game lasted 00:01:12 (2544 turns).

qw the Shooter (Gargoyle Hunter)                    Turns: 2544, Time: 00:01:13

Health: 0/38       AC:  8    Str: 13 (15) XL:     6   Next: 92%
Magic:  6/6        EV:  9    Int:  7 (9)  God:
Gold:   130        SH:  0    Dex: 13 (15) Spells: 5/5 levels left

rFire   . . .        a - +0 shortbow
rCold   . . .        (shield currently unavailable)
rNeg    + + .        i - +2 robe {rN+}
rPois   inf          (no helmet)
rElec   +            (no cloak)
rCorr   .            (no gloves)
SInv    .            (no boots)
Will    .....        (no amulet)
Stlth   +            (no ring)
HPRegen 0.26/turn    (no ring)
MPRegen 0.10/turn

%: no passive effects
@: confused, constricted
A: sickness immunity, AC +4, negative energy resistance 1, electricity
resistance, torment resistance 1, petrification resistance
a: no special abilities


You were on level 4 of the Dungeon.
You visited 1 branch of the dungeon, and saw 4 of its levels.

You collected 266 gold pieces.
You spent 136 gold pieces at shops.


Innate Abilities, Weirdness & Mutations

You are immune to sickness and miasma.
Your stone body is resilient. (AC +4)
You are immune to poison.
You resist negative energy. (rN+)
You are resistant to electric shocks. (rElec)
You are resistant to unholy torment.
You are immune to petrification.


   Skills:
 - Level 4.3 Fighting
 + Level 7.0 Ranged Weapons
 - Level 1.4 Armour
 - Level 1.5 Dodging
 - Level 1.1 Stealth


You had 5 spell levels left.
You didn't know any spells.
Your spell library was empty.

Inventory:

Hand Weapons
 a - a +0 shortbow (weapon)
Armour
 b - a +3 leather armour
 i - a +2 robe of positive energy (worn)
Potions
 c - a potion of might
 f - a potion of attraction {unknown}
 g - a potion of haste
 k - a potion of invisibility {unknown}

Dungeon Overview and Level Annotations

Branches:
Dungeon (4/15)
 Temple: D:4-7

Altars:

Shops:
D:3 *

Annotations:
D:4 1 runed translucent door, Crazy Yiuf, Ijyb


Message History

The jackal barely misses you. The hobgoblin closely misses you.
The goblin closely misses you. Ijyb hits you but does no damage.
The ball python bites you. The ball python constricts you.
The jackal barely misses you.
The jackal bites you but does no damage.
The ball python bites you but does no damage.
The ball python constricts you. The hobgoblin closely misses you.
The goblin barely misses you.
Ijyb zaps a wand.
Your will is overpowered!
You are more confused.
The jackal bites you. The ball python bites you.
The ball python constricts you. The goblin hits you but does no damage.
The hobgoblin barely misses you. Ijyb barely misses you.
The jackal closely misses you. The ball python closely misses you.
The ball python constricts you. The goblin closely misses you.
The hobgoblin completely misses you.
Ijyb zaps a wand.
Your will is overpowered!
You are more confused.
The jackal barely misses you. The ball python bites you.
The ball python constricts you.
The jackal bites you but does no damage.
The hobgoblin closely misses you. The goblin hits you but does no damage.
Ijyb hits you but does no damage. The ball python barely misses you.
The ball python constricts you.
The jackal bites you but does no damage.
The hobgoblin hits you. The goblin closely misses you.
Ijyb hits you but does no damage. The ball python misses you.
The ball python constricts you.
The jackal bites you but does no damage.
The jackal barely misses you. The ball python bites you.
The ball python constricts you. The hobgoblin completely misses you.
The goblin closely misses you. Ijyb barely misses you.
The jackal closely misses you. The ball python bites you.
The ball python constricts you. The goblin barely misses you.
The hobgoblin barely misses you. Ijyb closely misses you.
The jackal barely misses you.
The ball python bites you but does no damage.
The ball python constricts you. The goblin hits you but does no damage.
The hobgoblin hits you but does no damage.
Ijyb screams, "I cut your head off!" Ijyb hits you with a +0 dagger.
The jackal bites you.
You die...

##.7####..##.#.....#
#.7#.............####
#.7#.............##.##
##.7#...................
...7#.........#.........
7777##..##......##.##..#
#####...................
......##..#...#..g..##..
#############.##@gh.....
###Shgh##... #..h..... .
#.......... #..........
###>.#.#.#. ...###...
#.## ..


You could see Ijyb, 4 jackals, a hobgoblin, a goblin and a ball python.

Vanquished Creatures
  Sigmund (D:2)
  Pargi (D:3)
  Jessica (D:2)
  An orc wizard (D:4)
  5 adders
  A worm (D:3)
  2 dart slugs
  2 orcs (D:4)
  6 ball pythons
  3 bats
  2 endoplasms
  2 giant cockroaches
  5 goblins
  6 hobgoblins
  6 jackals
  6 quokkas
  4 frilled lizards
  7 kobolds
  5 rats
66 creatures vanquished.

Notes
Turn   | Place    | Note
-------+----------+-------------------------------------------
     0 | D:1      | qw the Gargoyle Hunter began the quest for the Orb.
     0 | D:1      | Reached XP level 1. HP: 12/12 MP: 1/1
     0 | D:1      | 0 ||| qw: Version: 0.3-a-106-g2cfff9e
     0 | D:1      | 0 ||| qw: Game counter: 2106
     0 | D:1      | 0 ||| qw: Melee chars always use a shield: true
     0 | D:1      | 0 ||| qw: God list: Okawaru
     0 | D:1      | 0 ||| qw: Allow faded altars: false
     0 | D:1      | 0 ||| qw: Do Orc after clearing Dungeon:15 true
     0 | D:1      | 0 ||| qw: Do second Lair branch before Depths: true
     0 | D:1      | 0 ||| qw: Lair rune preference: random
     0 | D:1      | 0 ||| qw: Goals: Normal, Save, Zot:1-4, Win
     0 | D:1      | 0 ||| PLANNING D:1-11
   338 | D:1      | Reached XP level 2. HP: 17/17 MP: 2/2
   674 | D:1      | 674 ||| UPGRADING to +0 ring mail.
   684 | D:1      | 684 ||| DROPPING +0 leather armour.
   685 | D:1      | 685 ||| READING scroll labelled LATRIH OSIBIR.
   686 | D:1      | 686 ||| READING scroll labelled EGAOSE SERAX.
   687 | D:1      | 687 ||| DRINKING 2 fizzy blue potions.
   688 | D:1      | 688 ||| DROPPING scroll of butterflies.
   738 | D:2      | Reached skill level 1 in Armour
   738 | D:2      | Reached XP level 3. HP: 21/21 MP: 3/3
   821 | D:2      | Reached skill level 5 in Ranged Weapons
   857 | D:2      | Noticed Jessica
   863 | D:2      | Killed Jessica
   864 | D:2      | Reached skill level 3 in Fighting
   864 | D:2      | Reached XP level 4. HP: 28/28 MP: 4/4
   986 | D:2      | Noticed Sigmund
   996 | D:2      | 996 ||| DRINKING 2 cyan potions.
   997 | D:2      | Killed Sigmund
   998 | D:2      | Reached skill level 6 in Ranged Weapons
   998 | D:2      | Reached XP level 5. HP: 32/32 MP: 5/5
   998 | D:2      | Reached XP level 6. HP: 37/37 MP: 6/6
  1029 | D:2      | Found a faded altar of an unknown god.
  1279 | D:2      | 1279 ||| READING scroll labelled AKUAST ZEIQU.
  1280 | D:2      | 1280 ||| READING scroll labelled BYXEIWK TAMU.
  1281 | D:2      | 1281 ||| READING scroll labelled IHACYUFUOMP.
  1281 | D:2      | 1281 ||| IDENTIFYING lumpy purple potion
  1282 | D:2      | 1282 ||| READING scroll labelled KAXETW REXECO.
  1383 | D:2      | 1383 ||| DROPPING potion of brilliance.
  1584 | D:3      | Noticed Pargi
  1605 | D:3      | Killed Pargi
  1678 | D:3      | 1678 ||| FLEEEEING.
  1679 | D:3      | 1679 ||| FLEEEEING.
  1680 | D:3      | 1680 ||| FLEEEEING.
  1681 | D:3      | 1681 ||| FLEEEEING.
  1682 | D:3      | 1682 ||| FLEEEEING.
  1683 | D:3      | 1683 ||| FLEEEEING.
  1684 | D:3      | 1684 ||| FLEEEEING.
  1685 | D:3      | 1685 ||| FLEEEEING.
  1686 | D:3      | 1686 ||| FLEEEEING.
  1688 | D:3      | 1688 ||| FLEEEEING.
  1689 | D:3      | 1689 ||| FLEEEEING.
  1690 | D:3      | 1690 ||| FLEEEEING.
  1691 | D:3      | 1691 ||| FLEEEEING.
  1692 | D:3      | 1692 ||| FLEEEEING.
  1693 | D:3      | 1693 ||| FLEEEEING.
  1694 | D:3      | 1694 ||| FLEEEEING.
  1695 | D:3      | 1695 ||| FLEEEEING.
  1696 | D:3      | 1696 ||| FLEEEEING.
  1697 | D:3      | 1697 ||| FLEEEEING.
  1971 | D:3      | Found Jinoedas's Assorted Antiques.
  1976 | D:3      | 1976 ||| BUYING bubbling dark potion (22 gold).
  1976 | D:3      | Bought a bubbling dark potion for 22 gold pieces
  1976 | D:3      | 1976 ||| BUYING coppery potion (22 gold).
  1976 | D:3      | Bought a coppery potion for 22 gold pieces
  1976 | D:3      | 1976 ||| BUYING embroidered robe (92 gold).
  1976 | D:3      | Bought an embroidered robe for 92 gold pieces
  1976 | D:3      | 1976 ||| SHOPLISTING scroll of identify (50 gold, have 44).
  2126 | D:3      | 2126 ||| UPGRADING to +2 robe of positive energy.
  2136 | D:3      | 2136 ||| DROPPING +0 ring mail.
  2137 | D:3      | 2137 ||| READING scroll of identify.
  2137 | D:3      | 2137 ||| IDENTIFYING coppery potion
  2138 | D:3      | 2138 ||| DRINKING 2 fizzy dark potions.
  2139 | D:3      | 2139 ||| DRINKING 2 bubbling dark potions.
  2140 | D:3      | 2140 ||| DROPPING potion of degeneration.
  2176 | D:4      | 2176 ||| PLANNING OSSUARY
  2255 | D:4      | Found a runed translucent door.
  2256 | D:4      | Noticed Crazy Yiuf
  2357 | D:4      | Reached skill level 7 in Ranged Weapons
  2488 | D:4      | Noticed Ijyb
  2492 | D:4      | 2492 ||| DRINKING potion of curing.
  2492 | D:4      | 2492 ||| (to cure confusion)
  2523 | D:4      | HP: 9/38 [constriction (1)]
  2524 | D:4      | 2524 ||| DRINKING potion of heal wounds.
  2538 | D:4      | HP: 9/38 [jackal (1)]
  2541 | D:4      | HP: 4/38 [hobgoblin (2)]
  2544 | D:4      | HP: 1/38 [Ijyb/+0 dagger (1)]
  2544 | D:4      | Slain by a jackal

Levels and vault maps discovered:
D:1:      elethiomel_arrival_fortress_basement, layout_loops_ring
D:2:      layout_basic, shapermc_ecumenical_altar_acropolis,
          minmay_strange_pillars, grunt_ministairs_10, uniq_sigmund,
          uniq_jessica
D:3:      layout_loops_ring, serial_shops, nicolae_shop_trees,
          kennysheep_decorative_pillar, kennysheep_generic_room_5, uniq_pargi
D:4:      layout_cave_pools, mainiacjoe_overflow_catwalk, enter_ossuary_1,
          kennysheep_dice, uniq_crazy_yiuf_cottage, uniq_ijyb

Skill      XL: |  1  2  3  4  5  6 |
---------------+-------------------+-----
Armour         | 1 |  1.4
Ranged Weapons | 5 6 7 |  7.0
Fighting       | 3 4 |  4.3
Dodging        | |  1.5
Stealth        | |  1.1

Action                     |  1- 3 |  4- 6 || total
---------------------------+-------+-------++-------
   Fire: Shortbow          |    76 |   177 ||   253
    Use: Scroll            |     2 |     5 ||     7
         Potion            |     1 |     5 ||     6
 Armour: Leather armour    |     7 |       ||     7
         Ring mail         |    19 |    42 ||    61
         Robe              |       |   142 ||   142
  Dodge: Dodged            |    21 |   169 ||   190

Table legend:
 A = Non-vault XP
 B = Vault XP
 C = Vault XP percentage of total XP
 D = Non-vault monster count
 E = Vault monster count
 F = Vault count percentage of total count
                 A         B        C        D         E       F
            +---------+---------+-------+---------+---------+-------
      Total |     192 |     404 |  67.8 |      55 |      11 |  16.7
            +---------+---------+-------+---------+---------+-------
        D:1 |      24 |       1 |   4.0 |      14 |       1 |   6.7
        D:2 |      51 |     266 |  83.9 |      17 |       4 |  19.0
        D:3 |      44 |     131 |  74.9 |      11 |       3 |  21.4
        D:4 |      73 |       6 |   7.6 |      13 |       3 |  18.8
            +---------+---------+-------+---------+---------+-------
